 Dungeon Crawl Stone Soup version 0.25-a0-194-gece12570e2 (webtiles) character file.

Game seed: 15930663744128713675, levelgen mode: deterministic

231 Crag the Insei (level 6, 0/41 HPs)
             Began as an Octopode Transmuter on Dec 1, 2019.
             Slain by a gnoll
             ... wielding a +0 spear
              (7 damage)
             ... on level 4 of the Dungeon.
             The game lasted 00:11:04 (3342 turns).

Crag the Insei (Octopode Transmuter)                Turns: 3342, Time: 00:11:04

Health: 0/41       AC:  1    Str:  9    XL:     6   Next: 4%
Magic:  10/10      EV: 14    Int: 15    God:
Gold:   180        SH:  0    Dex: 13    Spells: 7/11 levels left

rFire    . . .     SeeInvis .     - Unarmed
rCold    . . .     Gourm    .   (no shield)
rNeg     . . .     Faith    .   (helmet restricted)
rPois    .         Spirit   .   (no amulet)
rElec    .         Reflect  .   (no ring)
rCorr    .         Harm     .   (no ring)
MR       .....     Clarity  +   (no ring)
Stlth    +++.......             (no ring)
HPRegen  0.13/turn              (no ring)
MPRegen  0.12/turn              (no ring)
                                (no ring)
                                (no ring)

@: no status effects
A: almost no armour, stealthy swim, amphibious, 8 rings, constrict 8, camouflage
1, clarity, weak 1, gelatinous body 1
a: no special abilities


You were on level 4 of the Dungeon.
You were not hungry.

You visited 1 branch of the dungeon, and saw 4 of its levels.

You collected 180 gold pieces.

Inventory:

Missiles
 a - 12 arrows
Jewellery
 j - a +5 amulet of reflection
 n - an uncursed ring of flight
Scrolls
 e - 6 scrolls of remove curse
 h - a scroll of fear
 k - 4 scrolls of identify
 o - 3 scrolls of teleportation
Potions
 b - a potion of brilliance
 d - a potion of might
 l - 3 potions of curing
Comestibles
 c - 9 rations
 g - a chunk of flesh


   Skills:
 + Level 2.5 Fighting
 + Level 3.1 Dodging
 + Level 1.0 Stealth
 + Level 3.9 Unarmed Combat
 + Level 3.0 Spellcasting
 + Level 3.1 Transmutations


You had 7 spell levels left.
You knew the following spells:

 Your Spells              Type           Power        Failure   Level  Hunger
a - Beastly Appendage     Tmut           ##....       5%          1    #......
b - Spider Form           Tmut/Pois      #.........   32%         3    ###....

Your spell library contained the following spells:

 Spells                   Type           Power        Failure   Level  Hunger
 Sticks to Snakes         Tmut           ##......     9%          2    ##.....
 Ice Form                 Ice/Tmut       #.......     71%         4    #####..
 Blade Hands              Tmut           ##........   83%         5    ######.


Dungeon Overview and Level Annotations

Branches:
Dungeon (4/15)
 Temple: D:4-7

Altars:
Kikubaaqudgha


Innate Abilities, Weirdness & Mutations

You cannot wear most types of armour.
You are very stealthy in the water. (Stealth+)
You are amphibious.
You can wear up to eight rings at the same time.
You can use your tentacles to constrict eight enemies at once.
Your skin changes colour to match your surroundings (Stealth+).
Your rubbery body absorbs attacks. (AC +1, EV +1)
You possess an exceptional clarity of mind.
You are weak. (Str -2)


Message History

You kill the gnoll!
Your Stealth skill increases to level 1!
You have reached level 6!
Your experience leads to an increase in your attributes!
Your base attributes are Str 10, Int 15, Dex 13.
Increase (S)trength, (I)ntelligence, or (D)exterity?
You feel stronger.
The gnoll hits you from afar with a +0 spear.
The gnoll hits you with a +0 spear!
* * * LOW HITPOINT WARNING * * *
The gnoll hits you from afar with a +0 spear.
* * * LOW HITPOINT WARNING * * *
Items here: ) ††† a +0 club; a gnoll corpse; a jackal corpse x2
You tentacle-slap the gnoll. You grab the gnoll.
The gnoll is moderately wounded.
You constrict the gnoll, but do no damage.
The gnoll barely misses you.
The gnoll hits you from afar with a +0 spear!
You die...

......#.#,*
#.#####.#,* ..#
#.#,*****###
###***#.#,,,,,,..#
,,,,,,,,*******#.#
********* #.# #g#
#g# #@# #†#
################.##
..................#
###################


You could see 2 gnolls.

Vanquished Creatures
  A howler monkey (D:4)
  Terence (D:2)
  A worker ant (D:4)
  A gnoll (D:4)
  5 adders
  An ooze (D:1)
  A worm (D:3)
  2 dart slugs
  6 leopard geckos
  2 giant cockroaches
  6 goblins
  6 hobgoblins
  9 jackals
  2 quokkas (D:4)
  5 bats
  2 frilled lizards
  15 kobolds
  9 rats
75 creatures vanquished.

Notes
Turn   | Place    | Note
-------+----------+-------------------------------------------
     0 | D:1      | Crag the Octopode Transmuter began the quest for the Orb.
     0 | D:1      | Reached XP level 1. HP: 13/13 MP: 3/3
   355 | D:1      | Reached XP level 2. HP: 7/18 MP: 3/5
   743 | D:1      | Reached XP level 3. HP: 20/23 MP: 6/6
   980 | D:1      | HP: 1/23 [poisoned by an adder]
  1383 | D:2      | Reached XP level 4. HP: 19/29 MP: 5/7
  1581 | D:2      | Noticed Terence
  1591 | D:2      | Killed Terence
  1887 | D:1      | Reached XP level 5. HP: 29/34 MP: 9/9
  1971 | D:1      | Learned a level 3 spell: Spider Form
  2504 | D:3      | Found an ancient bone altar of Kikubaaqudgha.
  3029 | D:3      | Gained mutation: You are weak. (Str -2) [potion of
                  | mutation]
  3029 | D:3      | Gained mutation: You possess an exceptional clarity of
                  | mind. [potion of mutation]
  3340 | D:4      | Reached skill level 1 in Stealth
  3340 | D:4      | Reached XP level 6. HP: 21/41 MP: 10/10
  3342 | D:4      | Slain by a gnoll

Levels and vault maps discovered:
D:1:      co_arrival_square_in_a_square_in_a_square, layout_basic,
          serial_curves, eino_curves_01, eino_curves_02,
          minmay_misc_feat_columns, minmay_pentomino_t2
D:2:      minmay_skewed_foursquare, layout_rooms, uniq_terence
D:3:      layout_rooms, kiku_gazebo_garden_becter
D:4:      wander_river, layout_basic, first_ration, minmay_manual_mess

Skill      XL: |  1  2  3  4  5 |
---------------+----------------+-----
Fighting       | 2 |  2.5
Dodging        | 3 |  3.1
Spellcasting   | 3 |  3.0
Transmutations | 3 |  3.1
Stealth        | 1 |  1.0
Unarmed Combat | |  3.9

Action                   |  1- 3 |  4- 6 || total
-------------------------+-------+-------++-------
Melee: Unarmed           |    68 |   114 ||   182
       Tentacles         |    11 |    16 ||    27
       Constrict         |    17 |    32 ||    49
       Kick              |     5 |     9 ||    14
       Punch             |     1 |     3 ||     4
 Cast: Beastly Appendage |     9 |     4 ||    13
  Use: Potion            |       |     6 ||     6
       Scroll            |       |     6 ||     6
 Stab: Sleeping          |     2 |     4 ||     6
  Eat: Chunk             |     2 |     6 ||     8
Armor: Skin              |     2 |    10 ||    12
Dodge: Dodged            |    38 |    68 ||   106

Table legend:
 A = Non-vault XP
 B = Vault XP
 C = Vault XP percentage of total XP
 D = Non-vault monster count
 E = Vault monster count
 F = Vault count percentage of total count
                 A         B        C        D         E       F
            +---------+---------+-------+---------+---------+-------
      Total |     217 |     114 |  34.4 |      68 |       7 |   9.3
            +---------+---------+-------+---------+---------+-------
        D:1 |      49 |       0 |   0.0 |      19 |       0 |   0.0
        D:2 |      66 |      56 |  45.9 |      21 |       5 |  19.2
        D:3 |      34 |       0 |   0.0 |      17 |       0 |   0.0
        D:4 |      68 |      58 |  46.0 |      11 |       2 |  15.4
            +---------+---------+-------+---------+---------+-------
